 Dungeon Sprint DCSS version 0.17-a0-1150-g17b0b87 (webtiles) character file.

636 nuthulu the Grappler (level 7, -6/83 HPs)
             Began as a Troll Berserker on May 27, 2015.
             Was a Priest of Trog.
             Mangled by Sonja
             ... wielding a +0 short sword of distortion
              (8 damage)
             ... in the Dungeon (Sprint I: "Red Sonja").
             The game lasted 00:01:43 (266 turns).

nuthulu the Grappler (Troll Berserker)               Turns: 266, Time: 00:01:43

Health: -6/83      AC:  5    Str: 28    XL:     7   Next: 25%
Magic:  6/6        EV: 10    Int:  3    God:    Trog [***...]
Gold:   297        SH:  0    Dex:  9    Spells: 0 memorised, 6 levels left

rFire  . . .     SeeInvis .       - Unarmed
rCold  . . .     Clarity  .     a - +0 animal skin
rNeg   . . .     SustAt   .     (no shield)
rPois  .         Gourm    +     (helmet restricted)
rElec  .         Spirit   .     (no cloak)
rCorr  .         Warding  .     (gloves unavailable)
rMut   .         NoTele   +     (boots unavailable)
MR     .....                    (no amulet)
Stlth  +.........               (no ring)
                                (no ring)

@: slowed, very slow, not resistant to hostile enchantments, very unstealthy
A: unfitting armour, claws 3, fast metabolism 3, gourmand, regeneration 2,
shaggy fur 1, tough skin 2
a: Burn Spellbooks, Berserk, Trog's Hand, Renounce Religion


You were in the Dungeon.
You worshipped Trog.
Trog was most pleased with you.
You were not hungry.

You visited 1 branch You collected 297 gold pieces.

Inventory:

Armour
 a - a +0 animal skin (worn)
Scrolls
 h - a scroll of blinking
Potions
 e - a potion of haste
 f - 2 potions of magic
 g - a potion of berserk rage
Comestibles
 b - 2 bread rations


   Skills:
 * Level 9.4 Fighting
 - Level 2.4 Dodging
 + Level 1.1 Stealth
 * Level 11.6 Unarmed Combat


You had 6 spell levels left.
You didn't know any spells.

Dungeon Overview and Level Annotations

Branches:
Dungeon (1/1)

Altars:
Cheibriados
Dithmenos
Elyvilon
Fedhas
Gozag
Kikubaaqudgha
Makhleb
Nemelex Xobeh
Okawaru
Qazlal
Ru
Sif Muna
Vehumet
Xom
Yredelemnul
Zin
The Shining One
Jiyva

Shops:
D *

Annotations:
D Sonja


Innate Abilities, Weirdness & Mutations

You are too large for most types of armour.
You have claws for hands.
Your metabolism is lightning-fast.
You like to eat raw meat.
You heal very quickly.
You are covered in fur (AC +1).
You have very tough skin (AC +2).


Message History

* * * LOW HITPOINT WARNING * * *
You see here a curare-tipped needle.
Unknown command.
Drink which item? (? for menu, Esc to quit)
You feel better. Sonja misses you.
Sonja hits you with an uncursed short sword of distortion.
* * * LOW HITPOINT WARNING * * *
You feel a strange sense of stasis. Sonja hits you but does no damage.
Space bends around you.
* * * LOW HITPOINT WARNING * * *
Sonja hits you but does no damage. Space bends around you.
* * * LOW HITPOINT WARNING * * *
Sonja hits you but does no damage. Space bends around you.
* * * LOW HITPOINT WARNING * * *
Sonja hits you but does no damage. Space bends around you.
* * * LOW HITPOINT WARNING * * *
Unknown command.
You miss Sonja. Sonja hits you but does no damage.
Space warps horribly around you!
You die...

###################
#<.#..'..#..'.K#__#
#..').#.)').#..'..+
#..#####'#####'#__#
#..# #..#.((#)####
#..#__####.@##.#
#..#_..__##K#..+
#⌠⌠#_.∩...†.(._#
####_..._##_(#+#
#____ ##'# #### #.#
$.$ #$.$# ##.##


You could see Sonja.

Vanquished Creatures
  A slime creature (D)
  Sigmund (D)
  A yak (D)
  An ogre (D)
  Ijyb (D)
  A jelly (D)
6 creatures vanquished.

Notes
Turn   | Place    | Note
--------------------------------------------------------------
     0 | D        | nuthulu the Troll Berserker began the quest for the Orb.
     0 | D        | Reached XP level 1. HP: 22/22 MP: 0/0
     3 | D        | Noticed Ijyb
    13 | D        | Killed Ijyb
    13 | D        | Reached skill level 4 in Fighting
    13 | D        | Reached skill level 5 in Unarmed Combat
    13 | D        | Reached XP level 2. HP: 28/32 MP: 1/1
    24 | D        | Noticed an ogre
    30 | D        | Killed an ogre
    30 | D        | Acquired Trog's second power
    30 | D        | Reached skill level 5 in Fighting
    30 | D        | Reached skill level 7 in Unarmed Combat
    30 | D        | Reached XP level 3. HP: 38/42 MP: 2/2
    30 | D        | Reached XP level 4. HP: 45/50 MP: 3/3
    40 | D        | Noticed Sigmund
    45 | D        | Killed Sigmund
    45 | D        | Reached skill level 9 in Unarmed Combat
    45 | D        | Reached XP level 5. HP: 15/62 MP: 4/4
    45 | D        | Reached XP level 6. HP: 17/71 MP: 5/5
   144 | D        | Found a snail-covered altar of Cheibriados.
   144 | D        | Found a viscous altar of Jiyva.
   144 | D        | Found a shadowy altar of Dithmenos.
   144 | D        | Found a blossoming altar of Fedhas.
   144 | D        | Noticed a slime creature
   149 | D        | Killed a slime creature
   149 | D        | Reached skill level 1 in Stealth
   149 | D        | Reached skill level 10 in Unarmed Combat
   191 | D        | Found a deep blue altar of Sif Muna.
   192 | D        | Noticed a jelly
   193 | D        | Found a radiant altar of Vehumet.
   201 | D        | Killed a jelly
   201 | D        | Reached skill level 11 in Unarmed Combat
   234 | D        | Found Xuhi's Assorted Antiques.
   234 | D        | Found a white marble altar of Elyvilon.
   234 | D        | Found a stormy altar of Qazlal.
   234 | D        | Found a basalt altar of Yredelemnul.
   234 | D        | Found an iron altar of Okawaru.
   234 | D        | Found a sparkling altar of Nemelex Xobeh.
   234 | D        | Found a shimmering altar of Xom.
   234 | D        | Found an ancient bone altar of Kikubaaqudgha.
   234 | D        | Noticed a yak
   238 | D        | Killed a yak
   238 | D        | Reached XP level 7. HP: 77/83 MP: 6/6
   239 | D        | Found a burning altar of Makhleb.
   239 | D        | Found a sacrificial altar of Ru.
   239 | D        | Found a glowing golden altar of the Shining One.
   239 | D        | Found an opulent altar of Gozag.
   239 | D        | Found a glowing silver altar of Zin.
   247 | D        | Noticed Sonja
   265 | D        | HP: 1/83 [Sonja/uncursed short sword of distortion (4)]
   266 | D        | Mangled by Sonja

Vault maps used:
D:        dungeon_sprint_1

Action                   |  1- 3 |  4- 6 |  7- 9 || total
-------------------------+-------+-------+-------++-------
Melee: Unarmed           |    13 |    19 |     2 ||    34
  Use: Scroll            |       |     1 |       ||     1
       Potion            |       |       |     3 ||     3
 Stab: Sleeping          |     1 |       |       ||     1
  Eat: Chunk             |     2 |       |       ||     2
